 Seeded DCSS version 0.28-a0-769-g550dbda0cd (webtiles) character file.

Game seed: 20211101 (custom seed)

181 a11behringer the Cudgeller (level 5, 0/33 HPs)
             Began as a Gargoyle Fighter on Nov 1, 2021.
             Slain by Robin (8 damage)
             ... on level 3 of the Dungeon.
             The game lasted 00:07:56 (2294 turns).

a11behringer the Cudgeller (Gargoyle Fighter)       Turns: 2294, Time: 00:07:57

Health: 0/33       AC: 13    Str: 20    XL:     5   Next: 61%
Magic:  5/5        EV:  9    Int:  9    God:
Gold:   192        SH:  4    Dex:  9    Spells: 4/4 levels left

rFire   . . .      SeeInvis .   a - +0 flail
rCold   . . .      Faith    .   c - +0 buckler
rNeg    + . .      Spirit   .   b - +0 scale mail
rPois   ∞          Reflect  .   g - +0 helmet
rElec   +          Harm     .   (no cloak)
rCorr   .          Rampage  .   (no gloves)
Will    .....                   l - +0 pair of boots
Stlth   ..........              n - amulet of magic regeneration
HPRegen 0.11/turn               (no ring)
MPRegen 0.34/turn               (no ring)

@: no status effects
A: sickness immunity, AC +4, negative energy resistance 1, electricity
resistance, torment resistance 1, petrification resistance
a: no special abilities


You were on level 3 of the Dungeon.
You visited 1 branch of the dungeon, and saw 3 of its levels.

You collected 192 gold pieces.

Inventory:

Hand Weapons
 a - a +0 flail (weapon)
Missiles
 h - 60 arrows
Armour
 b - a +0 scale mail (worn)
 c - a +0 buckler (worn)
 g - a +0 helmet (worn)
 l - a +0 pair of boots (worn)
Jewellery
 n - an amulet of magic regeneration (around neck)
Wands
 j - a wand of digging (3)
Potions
 d - a potion of might
 e - a potion of cancellation {unknown}
 f - a potion of resistance {unknown}
 i - a potion of ambrosia {unknown}
 k - a potion of degeneration {unknown}
 m - a potion of berserk rage {unknown}
 o - a potion of mutation {unknown}


   Skills:
 + Level 3.9 Fighting
 * Level 4.3 Maces & Flails
 + Level 4.1 Armour
 + Level 0.5 Dodging
 + Level 3.6 Shields


You had 4 spell levels left.
You didn't know any spells.
Your spell library was empty.

Dungeon Overview and Level Annotations

Branches:
Dungeon (3/15)

Altars:

Shops:
D:3 ?

Annotations:
D:3 Robin


Innate Abilities, Weirdness & Mutations

You are immune to sickness and miasma.
Your stone body is resilient. (AC +4)
You are immune to poison.
You resist negative energy. (rN+)
You are resistant to electric shocks. (rElec)
You are resistant to unholy torment.
You are immune to petrification.


Message History

The goblin no longer looks unusually strong.
The goblin hits you but does no damage. You block the hobgoblin's attack.
Robin roars a battlecry!
The goblin goes into a battle-frenzy!
You closely miss the hobgoblin. The goblin barely misses you.
The hobgoblin hits you. The goblin hits you but does no damage.
You hit the hobgoblin.
The hobgoblin is moderately wounded.
The hobgoblin hits you. The goblin hits you but does no damage.
The hobgoblin hits you but does no damage.
Robin hits you but does no damage.
You closely miss the hobgoblin.
The hobgoblin is moderately wounded.
The hobgoblin no longer looks unusually strong.
The goblin hits you but does no damage.
The hobgoblin hits you but does no damage.
You hit the hobgoblin.
You kill the hobgoblin!
You block the goblin's attack.
Items here: ))) †††.
You closely miss Robin. The goblin hits you with a +0 dagger.
Robin roars a battlecry!
The hobgoblin goes into a battle-frenzy!
You sock Robin!
Robin is heavily wounded.
You block the goblin's attack. Robin hits you but does no damage.
You block the goblin's attack.
You closely miss Robin.
Robin is heavily wounded.
The goblin hits you with a +0 dagger.
Robin zaps a wand.
The puff of flame hits you.
You closely miss Robin.
Robin is heavily wounded.
The goblin misses you. You block Robin's attack.
You hit Robin but do no damage.
Robin is heavily wounded.
The goblin hits you with a +0 dagger.
* * * LOW HITPOINT WARNING * * *
Robin hits you with a +4 spear of flaming!
You die...

..# g.### ### g... #.##### g..#
#.....######### g.g#
#.###.........# ...#
#.#....######.#####...#
#.#....'...#...g@ggg..#
#.#....###.########...# #.##'###
#.......# ...#. #.##.# #..####.#
####.# #.##.#####..####.#
###.########
#.##..........##.#####.##.##.....
#.####...........................
#.# ######......................
#.# #......................


You could see Robin, a hobgoblin (strong) and 2 goblins.

Vanquished Creatures
  Jessica (D:2)
  Natasha (thrice) (D:2)
  An adder (D:2)
  A worm (D:2)
  A dart slug (D:1)
  An orc (D:3)
  3 endoplasms
  A giant cockroach (D:1)
  8 goblins
  8 hobgoblins
  11 jackals (D:1)
  4 kobolds
  2 quokkas
  4 ball pythons
  3 bats
  3 frilled lizards
  6 rats
61 creatures vanquished.

Notes
Turn   | Place    | Note
-------+----------+-------------------------------------------
     0 | D:1      | a11behringer the Gargoyle Fighter began the quest for the
                  | Orb.
     0 | D:1      | Reached XP level 1. HP: 14/14 MP: 1/1
    42 | D:1      | Reached XP level 2. HP: 14/19 MP: 2/2
    70 | D:1      | Found a faded altar of an unknown god.
   231 | D:1      | You fall into a shaft and drop 1 floor!
   282 | D:2      | Reached XP level 3. HP: 9/23 MP: 3/3
   657 | D:2      | Noticed Jessica
   666 | D:2      | Killed Jessica
   667 | D:2      | Reached XP level 4. HP: 29/29 MP: 4/4
  1541 | D:2      | Noticed Natasha
  1548 | D:2      | Killed Natasha
  1816 | D:2      | Noticed Natasha
  1831 | D:2      | Killed Natasha
  1832 | D:2      | Reached XP level 5. HP: 31/33 MP: 5/5
  1993 | D:2      | Noticed Natasha
  2006 | D:2      | Killed Natasha
  2103 | D:3      | Found Dixt's Magic Scroll Shoppe.
  2261 | D:3      | Noticed Robin
  2294 | D:3      | Slain by Robin

Illustrated notes

Levels and vault maps discovered:
D:1:      mushboom_english_gardens, layout_loops_corners,
          hellmonk_ecumenical_altar_arch_garden
D:2:      layout_basic, uniq_jessica, uniq_natasha
D:3:      layout_basic, marbit_many_paths, serial_shops, nicolae_shop_stone,
          uniq_robin

Skill      XL: |  1  2  3  4 |
---------------+-------------+-----
Maces & Flails | 3 4 |  4.3
Armour         | 4 |  4.1
Fighting       | |  3.9
Dodging        | |  0.5
Shields        | |  3.6

Action                   |  1- 3 |  4- 6 || total
-------------------------+-------+-------++-------
Melee: Flail             |    91 |   137 ||   228
  Use: Scroll            |       |     2 ||     2
Armor: Scale mail        |    52 |    60 ||   112
Dodge: Dodged            |    57 |    79 ||   136
Block: Buckler           |    29 |    24 ||    53

Table legend: (Time is in decaauts)
 A = Elapsed time spent in this place.
 B = Non-inter-level travel time spent in this place.
 C = Inter-level travel time spent in this place.
 D = Time resting spent in this place.
 E = Time spent auto-exploring this place.
 F = Levels seen in this place.
 G = Mean time per level.
                   A        B        C        D        E       F      G
               +--------+--------+--------+--------+--------+-----+--------+
         Total |   2362 |   2039 |    323 |      0 |   1505 |   3 |  787.3 |
       Dungeon |   2362 |   2039 |    323 |      0 |   1505 |   3 |  787.3 |
               +--------+--------+--------+--------+--------+-----+--------+

Top non-repeatable levels by time:
     D:2: 1190 daAuts
     D:1: 972 daAuts
     D:3: 199 daAuts
